Map: Ever Dream LE

Players

liquidthermy (uThermal)

  • Race: Terran Terran
  • Spawn Location: 1:00

HeroMarine - Winner!

  • Race: Terran Terran
  • League: Master
  • Spawn Location: 7:00

Event: DreamHack SC2 Masters 2020 Summer Europe

VOD

Have the link to the VOD?

Description

Time

  • Played on: June 26, 2020, 11:54 a.m.
  • Length: 6:54

All games in this series

Show
View Real Time Build Order
Export as new Build Order

liquidthermy Terran 

Build Orders: Gas First Reaper Expand, Hellion Opening, Liberator Opening, Mech 

Get SALT Encoding   

  12  0:01  SCV  
  13  0:13  SCV  
  14  0:17  Supply Depot  
  14  0:25  SCV  
  15  0:28  Refinery  
  15  0:38  SCV  
  16  0:44  Barracks  
  16  0:50  SCV  
  17  1:03  SCV  
  18  1:15  SCV  
  19  1:32  Reaper, Orbital Command  
  20  1:41  Command Center  
  20  1:51  Factory  
  20  1:58  SCV  
  21  2:05  Barracks Reactor  
  21  2:10  SCV  
  21  2:13  Supply Depot  
  22  2:22  SCV  
  23  2:23  Refinery  
  23  2:35  SCV  
  24  2:42  Starport  
  24  2:44  Hellion x2  
  24  2:47  SCV  
  24  2:51  Barracks Tech Lab  
  29  2:54  Orbital Command  
  29  2:59  SCV  
  30  3:06  Hellion x2  
  30  3:11  Marauder  
  36  3:18  Medivac  
  38  3:22  Supply Depot  
  38  3:27  Hellion  
  38  3:30  Hellion  
  44  3:34  Marauder  
  44  3:35  Concussive Shells  
  44  3:39  SCV x2  
  46  3:50  Supply Depot  
  46  3:51  SCV  
  46  3:52  SCV  
  46  3:54  Hellion  
  50  3:57  Hellion  
  52  4:08  SCV x2  
  54  4:11  Refinery  
  54  4:12  Liberator  
  57  4:20  SCV x2  
  57  4:32  SCV x2  
  53  4:40  Command Center  
  53  4:44  SCV, Marine  
  48  4:49  Siege Tank  
  48  4:50  Marine  
  48  4:52  SCV  
  45  4:55  Starport Tech Lab  
  45  4:56  SCV  
  45  4:58  Refinery  
  46  5:02  Bunker, Marine  
  46  5:04  SCV  
  48  5:08  SCV, Marine  
  50  5:14  Raven  
  50  5:16  SCV  
  50  5:20  SCV, Marine  
  55  5:21  Siege Tank  
  55  5:25  Marine  
  55  5:26  Engineering Bay  
  55  5:28  SCV, Supply Depot  
  59  5:32  SCV  
  61  5:38  Marine  
  62  5:48  Supply Depot  
  62  5:49  SCV x2  
  65  5:54  Siege Tank  
  70  5:59  Orbital Command  
  70  6:01  SCV x2  
  65  6:08  Missile Turret  
  65  6:09  Viking, Factory  
  65  6:10  Viking, Missile Turret  
  69  6:12  Missile Turret  
  69  6:13  SCV x2  
  69  6:14  Factory  
  69  6:16  Barracks Reactor  
  71  6:25  SCV x2  
  76  6:38  SCV x2  
  76  6:39  Refinery  
Show
View Real Time Build Order
Export as new Build Order

HeroMarine Terran - Winner!

Build Orders:  

Get SALT Encoding   

  12  0:01  SCV  
  13  0:13  SCV  
  14  0:17  Supply Depot  
  14  0:25  SCV  
  15  0:30  Refinery  
  15  0:38  SCV  
  16  0:44  Barracks  
  16  0:50  SCV  
  16  0:55  Refinery  
  17  1:02  SCV  
  18  1:14  SCV  
  19  1:31  Reaper, Orbital Command  
  20  1:34  Factory  
  20  1:43  Supply Depot  
  20  1:56  SCV  
  21  2:03  Reaper  
  22  2:08  SCV  
  23  2:18  Hellion  
  23  2:20  SCV  
  26  2:25  Command Center  
  26  2:33  SCV  
  26  2:36  Barracks Reactor, Supply Depot  
  27  2:39  Widow Mine  
  29  2:45  SCV  
  29  2:50  Starport  
  30  2:57  SCV  
  31  3:01  Factory Tech Lab  
  31  3:09  SCV  
  31  3:12  Marine x2  
  34  3:17  Refinery  
  34  3:19  Cyclone  
  37  3:21  SCV  
  38  3:27  Starport Tech Lab  
  38  3:29  Marine  
  39  3:36  Marine  
  39  3:37  SCV  
  39  3:39  Orbital Command  
  41  3:47  Raven  
  43  3:48  Marine  
  43  3:49  SCV  
  43  3:54  Marine  
  46  3:58  Supply Depot  
  47  4:03  Siege Tank  
  47  4:06  Marine  
  47  4:07  SCV  
  47  4:08  SCV  
  52  4:19  SCV  
  52  4:20  SCV  
  52  4:23  Marine  
  53  4:24  Marine  
  51  4:31  SCV, Raven  
  51  4:32  SCV  
  51  4:43  SCV  
  51  4:45  SCV  
  47  4:50  Marine  
  47  4:51  Marine  
  47  4:52  Siege Tank  
  49  4:55  SCV  
  49  4:57  SCV  
  49  4:58  Supply Depot  
  51  5:07  SCV  
  51  5:09  SCV  
  53  5:18  Marine  
  53  5:19  SCV  
  53  5:21  SCV, Supply Depot  
  56  5:22  Viking x2  
  56  5:25  Siege Tank  
  63  5:31  SCV  
  63  5:33  SCV  
  65  5:36  Marine  
  66  5:44  SCV  
  66  5:45  SCV  
  68  5:51  Supply Depot  
  68  5:52  Viking x2  
  68  5:56  SCV  
  73  5:57  SCV  
  73  6:00  Siege Tank  
  77  6:09  SCV  
  78  6:12  Supply Depot  
  78  6:13  SCV  
  79  6:20  Marine  
  79  6:22  SCV, Viking x2  
  79  6:25  SCV  
  86  6:36  Supply Depot  
  89  6:42  Command Center  
Tags
 
Add a new tag
Caveats
  • Supply blocks, unpowered buildings, or Contaminate may cause inaccurate times.
  • Supply counts are checked every 10 seconds.